 Dungeon Sprint DCSS version 0.16-a0-3841-g2612308 (console) character file.

2960 Monkaria the Fencer (level 9, -1/89 HPs)
             Began as a Hill Orc Fighter on Jan 30, 2015.
             Was a Plaything of Xom.
             Slain by a shock serpent (glowing shapeshifter) (13 damage)
             ... in the Dungeon (Sprint IX: "|||||||||||||||||||||||||||||").
             The game lasted 00:02:19 (1115 turns).

Monkaria the Fencer (Hill Orc Fighter)              Turns: 1115, Time: 00:02:19

Health: -1/89      AC: 11    Str: 25    XL:     9   Next: 81%
Magic:  9/9        EV:  8    Int: 11    God:    Xom [..*...]
Gold:   0          SH:  0    Dex: 10    Spells: 0 memorised, 8 levels left

rFire  . . .     SeeInvis .     p - +2 scimitar (flame)
rCold  . . .     Clarity  .     r - +2 ring mail
rNeg   . . .     SustAb   .     c - +0 shield
rPois  .         Gourm    .     (no helmet)
rElec  .         Spirit   .     (no cloak)
rCorr  .         Warding  .     q - +0 pair of gloves
rMut   .         NoTele   +     (no boots)
MR     .....                    (no amulet)
Stlth  ..........               t - +3 ring of intelligence
                                s - +3 ring of strength

@: confused, not resistant to hostile enchantments, extremely unstealthy
A: no striking features
a: Renounce Religion


You were in the Dungeon.
You worshipped Xom.
You were a toy of Xom.
You were hungry.

You visited 1 branch

Inventory:

Hand weapons
 p - a +2 scimitar of flaming (weapon)
Armour
 c - a +0 shield (worn)
 q - a +0 pair of gloves (worn)
 r - a +2 ring mail (worn)
Jewellery
 s - a +3 ring of strength (left hand)
 t - a +3 ring of intelligence (right hand)
Magical devices
 o - a wand of fire (2)
Scrolls
 a - 2 scrolls of identify
 b - 2 scrolls of enchant weapon
 k - 3 scrolls of blinking
 m - 6 scrolls of remove curse
 n - 2 scrolls of amnesia
Potions
 e - a potion of might
 f - 8 potions of curing
 g - 4 potions of heal wounds
 h - a potion of haste
 i - 4 potions of magic
 j - 2 potions of berserk rage
 l - a potion of invisibility
Comestibles
 d - a meat ration


   Skills:
 - Level 11.0 Fighting
 - Level 17.1 Long Blades
 + Level 13.0 Armour
 - Level 3.2 Shields


You had 8 spell levels left.
You didn't know any spells.

Dungeon Overview and Level Annotations

Branches:
Dungeon (1/1)

Altars:
Cheibriados
Dithmenos
Elyvilon
Fedhas
Gozag
Kikubaaqudgha
Makhleb
Nemelex Xobeh
Okawaru
Qazlal
Ru
Sif Muna
Trog
Vehumet
Xom
Yredelemnul
Zin
The Shining One
Beogh
Jiyva
Lugonu


Message History

The hobgoblin appears confused.
Things that are here:
a giant frog corpse; a water moccasin corpse You slice the hobgoblin!!
You burn the hobgoblin.
You kill the hobgoblin!
The hobgoblin's corpse disappears in a puff of smoke!
Unknown command.
The torpor snail changes into a shock serpent!
You bump into the unnaturally hard rock wall.
You feel yourself speed up.
The shock serpent shoots out a bolt of lightning at you!
The bolt of electricity hits you!
* * * LOW HITPOINT WARNING * * *
You bump into the unnaturally hard rock wall.
The shock serpent bites you but does no damage.
The shock serpent bites you.
* * * LOW HITPOINT WARNING * * *
The shock serpent shocks you!
You die...
Xom thinks this is hilarious!

∆∆∆∆ ∆∆∆∆∆∆∆∆ ∆∆∆∆∆∆∆∆ ∆∆∆∆ ∆∆∆
∆∆∆∆∆∆∆∆∆∆∆∆∆ ∆∆∆∆∆∆∆∆∆∆∆∆
▓▓▓▓▓▓▓▓▓▓▓▓▓▓▓▓▓▓▓▓▓▓▓▓
......)......††.@S.....+
▓▓▓▓▓▓▓▓▓▓▓▓▓▓▓▓▓▓▓▓▓▓▓▓▓▓▓▓▓▓▓▓▓
.................................
▓▓▓▓▓▓▓▓▓▓▓▓▓▓▓▓▓▓▓▓▓▓▓▓▓▓▓▓▓▓▓▓▓
...†.....'_____________________'.
▓▓▓▓▓▓▓▓▓▓▓▓▓▓▓▓▓▓▓▓▓▓▓▓▓▓▓▓▓▓▓▓▓


You could see a shock serpent shaped shifter.

Vanquished Creatures
  A hydra (D)
  A tengu warrior (D)
  A komodo dragon (D)
  A two-headed ogre (D)
  A deep elf mage (D)
  2 yaks (D)
  A hippogriff (D)
  A hungry ghost (D)
  A water moccasin (D)
  A crocodile (D)
  A wasp (D)
  A centaur (D)
  A giant frog (D)
  A jelly (D)
  An orc wizard (D)
  2 worker ants (D)
  2 bats (D)
  A giant cockroach (D)
  2 goblins (D)
  3 hobgoblins (D)
  A jackal (D)
  A quokka (D)
  A giant newt (D)
  3 kobolds (D)
  A rat (D)
33 creatures vanquished.

Notes
Turn   | Place    | Note
--------------------------------------------------------------
     0 | D        | Monkaria, the Hill Orc Fighter, began the quest for the Orb.
     0 | D        | Reached XP level 1. HP: 19/19 MP: 1/1
    10 | D        | Reached skill level 4 in Fighting
   231 | D        | Noticed a worker ant
   236 | D        | Reached XP level 2. HP: 25/28 MP: 2/2
   246 | D        | Killed a worker ant
   246 | D        | Reached skill level 5 in Fighting
   246 | D        | Reached skill level 5 in Long Blades
   246 | D        | Reached XP level 3. HP: 17/36 MP: 3/3
   248 | D        | Reached skill level 6 in Long Blades
   255 | D        | Found a glowing silver altar of Zin.
   255 | D        | Found a glowing golden altar of the Shining One.
   255 | D        | Found an ancient bone altar of Kikubaaqudgha.
   255 | D        | Found a basalt altar of Yredelemnul.
   255 | D        | Found a shimmering altar of Xom.
   255 | D        | Found a radiant altar of Vehumet.
   255 | D        | Found an iron altar of Okawaru.
   256 | D        | Found a burning altar of Makhleb.
   257 | D        | Found a deep blue altar of Sif Muna.
   258 | D        | Found a bloodstained altar of Trog.
   259 | D        | Found a sparkling altar of Nemelex Xobeh.
   260 | D        | Found a white marble altar of Elyvilon.
   261 | D        | Found a roughly hewn altar of Beogh.
   262 | D        | Found a viscous altar of Jiyva.
   263 | D        | Found a corrupted altar of Lugonu.
   264 | D        | Found a blossoming altar of Fedhas.
   265 | D        | Found a snail-covered altar of Cheibriados.
   266 | D        | Found a shadowy altar of Dithmenos.
   267 | D        | Found a stormy altar of Qazlal.
   268 | D        | Found an opulent altar of Gozag.
   269 | D        | Found a sacrificial altar of Ru.
   443 | D        | Became a worshipper of Xom of Many Doors
   470 | D        | Noticed a two-headed ogre
   470 | D        | Noticed a hungry ghost
   470 | D        | Noticed a centaur
   470 | D        | Noticed a hippogriff
   472 | D        | Killed a two-headed ogre
   472 | D        | Reached skill level 9 in Fighting
   472 | D        | Reached skill level 10 in Long Blades
   472 | D        | Reached XP level 4. HP: 35/50 MP: 4/4
   472 | D        | Reached XP level 5. HP: 39/57 MP: 5/5
   472 | D        | Reached XP level 6. HP: 43/63 MP: 6/6
   472 | D        | Killed a centaur
   472 | D        | Reached skill level 11 in Long Blades
   473 | D        | Killed a hungry ghost
   473 | D        | Reached skill level 10 in Fighting
   473 | D        | Reached skill level 12 in Long Blades
   473 | D        | Reached XP level 7. HP: 46/73 MP: 7/7
   484 | D        | Killed a hippogriff
   484 | D        | Reached skill level 13 in Long Blades
   729 | D        | Noticed a worker ant
   729 | D        | Noticed a jelly
   729 | D        | Noticed an orc wizard
   729 | D        | Noticed a tengu warrior
   729 | D        | Noticed a deep elf mage
   729 | D        | Noticed a wasp
   730 | D        | XOM: potion effect (curing)
   731 | D        | Killed an orc wizard
   732 | D        | Killed a worker ant
   732 | D        | Killed a jelly
   733 | D        | Killed a deep elf mage
   733 | D        | Reached skill level 14 in Long Blades
   735 | D        | Killed a tengu warrior
   735 | D        | Reached skill level 17 in Long Blades
   735 | D        | Reached XP level 8. HP: 67/82 MP: 8/8
   739 | D        | Paralysed by a wasp for 2 turns
   743 | D        | Killed a wasp
  1058 | D        | Noticed a crocodile
  1058 | D        | Noticed a yak
  1058 | D        | Noticed a water moccasin
  1058 | D        | Noticed a komodo dragon
  1058 | D        | Noticed a giant frog
  1058 | D        | Noticed a yak
  1060 | D        | Killed a crocodile
  1060 | D        | Reached skill level 5 in Armour
  1062 | D        | Noticed a four-headed hydra
  1062 | D        | XOM: divination: detect items
  1064 | D        | Noticed a wolf
  1069 | D        | Killed a yak
  1069 | D        | Reached XP level 9. HP: 71/89 MP: 9/9
  1071 | D        | Killed a water moccasin
  1076 | D        | Killed a komodo dragon
  1079 | D        | Killed a giant frog
  1083 | D        | a wolf changed into a worker ant
  1083 | D        | XOM: polymorph wolf -> worker ant
  1085 | D        | Killed a yak
  1085 | D        | Reached skill level 10 in Armour
  1091 | D        | Killed a one-headed hydra
  1097 | D        | Noticed an elf
  1097 | D        | a raiju changed into an elf
  1098 | D        | XOM: mild Air miscast
  1101 | D        | Noticed a draconian
  1101 | D        | an elf changed into a draconian
  1102 | D        | Noticed a ghost crab
  1102 | D        | a draconian changed into a ghost crab
  1104 | D        | a ghost crab changed into a snapping turtle
  1105 | D        | XOM: summons 3 hostile shadow creatures
  1107 | D        | Noticed a torpor snail
  1107 | D        | a snapping turtle changed into a torpor snail
  1112 | D        | Noticed a shock serpent
  1112 | D        | a torpor snail changed into a shock serpent
  1115 | D        | Slain by a shock serpent (glowing shapeshifter)

Action                   |  1- 3 |  4- 6 |  7- 9 || total
-------------------------+-------+-------+-------++-------
Melee: Long sword        |    39 |       |       ||    39
       Scimitar          |       |     1 |    65 ||    66
Evoke: Wand              |     1 |     1 |     3 ||     5
  Use: Potion            |       |       |     1 ||     1
